 Dungeon Crawl Stone Soup version 0.29.0-7-g18a832c13a (webtiles) character file.

Game seed: 16220677399948667888

102 p0werm0de the Trooper (level 4, -6/26 HPs)
             Began as a Gargoyle Chaos Knight on Aug 30, 2022.
             Was a Plaything of Xom.
             Mangled by a wight
             ... wielding a +4 flail
              (14 damage)
             ... on level 7 of the Dungeon.
             The game lasted 00:03:01 (2965 turns).

p0werm0de the Trooper (Gargoyle Chaos Knight)       Turns: 2965, Time: 00:03:01

Health: -6/26      AC: 16    Str: 18      XL:     4   Next: 77%
Magic:  4/4        EV:  5    Int:  9 (12) God:    Xom [......]
Gold:   72         SH:  0    Dex:  7      Spells: 3/3 levels left

rFire   . . .      SeeInvis .   d - +1 mace (protect)
rCold   . . .      Faith    .   (no shield)
rNeg    + . .      Spirit   .   o - +0 plate armour
rPois   ∞          Reflect  .   (no helmet)
rElec   +          Harm     .   (no cloak)
rCorr   +          Rampage  .   n - +0 pair of gloves
Will    .....                   (no boots)
Stlth   ..........              p - amulet of Kuoqukk {rPois Regen+}
HPRegen 0.88/turn               k - ring of resist corrosion
MPRegen 0.09/turn               (no ring)

@: about to teleport
A: sickness immunity, AC +3, negative energy resistance 1, electricity
resistance, torment resistance 1, petrification resistance, clumsy 1,
deterioration 1, frail 1, screaming 1
a: Renounce Religion


You were on level 7 of the Dungeon.
You worshipped Xom.
You were a very special plaything of Xom.
You visited 2 branches of the dungeon, and saw 6 of its levels.

You collected 272 gold pieces.
You spent 200 gold pieces at shops.

Inventory:

Hand Weapons
 a - a +1 hand axe of chaos
 d - a +1 mace of protection (weapon)
   (You found it on level 1 of the Dungeon)
 j - a +2 halberd of venom
   (You found it on level 7 of the Dungeon)
Armour
 n - a +0 pair of gloves (worn)
   (You found it on level 2 of the Dungeon)
 o - a +0 plate armour (worn)
   (You found it on level 2 of the Dungeon)
Jewellery
 i - a ring of flight
   (You found it on level 1 of the Dungeon)
 k - a ring of resist corrosion (left hand)
   (You found it on level 2 of the Dungeon)
 p - the amulet of Kuoqukk (around neck) {rPois Regen+}
   (You acquired it on level 3 of the Dungeon)

   [amulet of regeneration]

   rPois:     It protects you from poison.
   Regen:     It increases your rate of health regeneration.
Scrolls
 b - a scroll of fog
 f - a scroll of magic mapping
 r - 4 scrolls of identify
 t - a scroll of teleportation
 u - a scroll of poison
 z - 2 scrolls of blinking
Potions
 e - a potion of haste {unknown}
 g - 3 potions of lignification
 h - 2 potions of mutation {unknown}
 l - a potion of heal wounds {unknown}
 m - 2 potions of cancellation
 q - a potion of curing {unknown}
 s - 2 potions of might {unknown}
Miscellaneous
 c - a piece from Xom's chessboard (15/15) (quivered)


   Skills:
 * Level 4.1 Fighting
 * Level 3.5 Axes
 * Level 3.4 Armour
 - Level 0.7 Dodging
 + Level 1.0 Evocations


You had 3 spell levels left.
You didn't know any spells.
Your spell library contained the following spells:

 Spells                   Type           Power      Damage    Failure   Level
 Freeze                   Ice            0%         1d3       100%        1
 Frozen Ramparts          Ice            0%         1d1       100%        3
 Hailstorm                Conj/Ice       0%         3d3       100%        4


Dungeon Overview and Level Annotations

Branches:
Dungeon (7/15)             Temple (1/1) D:7

Altars:
Ashenzari
Cheibriados
Fedhas
Gozag
Hepliaklqana
Kikubaaqudgha
Makhleb
Nemelex Xobeh
Qazlal
Vehumet
Wu Jian
Xom
Yredelemnul
Zin
The Shining One

Shops:
D:1 [(**(   D:3 [

Portals:
Bailey: D:7


Innate Abilities, Weirdness & Mutations

You are immune to sickness and miasma.
Your stone body is resilient. (AC +3)
You are immune to poison.
You resist negative energy. (rN+)
You are resistant to electric shocks. (rElec)
You are resistant to unholy torment.
You are immune to petrification.
You are clumsy. (Dex -2)
Your body sometimes deteriorates upon taking damage.
You are frail. (-10% HP)
You occasionally shout uncontrollably at your foes.


Message History

A killer bee comes into view.
The killer bee buzzes angrily.
You hear an angry buzzing noise.
A killer bee comes into view. x2
The killer bee moves out of view.
You see here a +0 halberd.
The killer bee attacks as you move away!
The killer bee barely misses you.
Found a stone staircase leading down.
The wight hits you but does no damage. x2
The killer bee stings you but does no damage.
You see here a +2 halberd of venom.
j - a +2 halberd of venom The killer bee stings you.
Your body deteriorates!
You feel dopey.
The wight hits you from afar with a +3 spear.
An ice beast comes into view.
The killer bee stings you but does no damage.
The killer bee barely misses you.
Okay, then.
As you read the scroll of teleportation, it crumbles to dust.
You feel strangely unstable.
Xom momentarily opens a gate.
The killer bee barely misses you. The wight hits you with a +0 falchion.
The wight hits you from afar with a +3 spear!
The wight hits you but does no damage. The wight barely misses you.
The wight hits your ufetubus with a +0 battleaxe!
Your ufetubus dies!
Your ufetubus disappears in a puff of smoke!
The killer bee barely misses you.
Okay, then.
You swap places.
The killer bee stings you but does no damage.
The killer bee stings your iron imp but does no damage.
The killer bee stings you.
The wight hits your iron imp with a +0 falchion!
The wight hits you from afar with a +3 spear.
The wight barely misses your iron imp. The wight closely misses your iron imp.
The wight hits you with a +4 flail!
Ouch! That really hurt!
You die...
Xom guffaws!

,,,*,*** *,......,,**,*
,,,*,*,*######.......,,**,****
,,,*,*,*#....#......,,,,,,,,,****
,,,,,*,,+..........,,,,,,,,,,,,,,
,,,***,*#....###.##***,*******,,,
#####*,*#......y..# *,*,,,,,*,*,
....,,,*#......yy.## *,*,***,*,*,
#.#######.....yyy..##*,*,+,*,+,,,
........'.....z5@...#*,*,***,*,*,
#.......#.....zzz.#....#,,,,,*,*,
#.........###,,.##**,****,,,**, #
*,,,,,,,,,,,**,****,,


You could see an ice beast, 6 killer bees, 5 wights and a friendly iron imp
(summoned).

Vanquished Creatures
  4 adders
  2 dart slugs
  3 orcs (D:4)
  6 endoplasms
  2 giant cockroaches (D:1)
  6 hobgoblins
  3 jackals (D:1)
  4 quokkas
  7 ball pythons
  5 bats
  3 frilled lizards
  5 goblins
  4 kobolds
  2 rats
56 creatures vanquished.

Vanquished Creatures (others)
  7 plants (D:3)
7 creatures vanquished.

Grand Total: 63 creatures vanquished

Notes
Turn   | Place    | Note
-------+----------+-------------------------------------------
     0 | D:1      | p0werm0de the Gargoyle Chaos Knight began the quest for the
                  | Orb.
     0 | D:1      | Reached XP level 1. HP: 14/14 MP: 1/1
   105 | D:1      | Reached XP level 2. HP: 16/19 MP: 2/2
   259 | D:1      | Found Vaamebli's General Store.
   260 | D:1      | Found Xuud's Weapon Shoppe.
   398 | D:1      | XOM: silly message
   531 | D:1      | XOM: give mutations
   531 | D:1      | Gained mutation: You occasionally shout uncontrollably at
                  | your foes. [Xom's mischief]
   531 | D:1      | Gained mutation: Your body sometimes deteriorates upon
                  | taking damage. [Xom's mischief]
   604 | D:1      | Reached XP level 3. HP: 24/24 MP: 3/3
   645 | D:1      | Found Qeux's Weapon Shoppe.
   779 | D:1      | XOM: give mutations
   779 | D:1      | Gained mutation: You have a pair of small antennae on your
                  | head. [Xom's mischief]
   779 | D:1      | Lost mutation: You have a pair of small antennae on your
                  | head. [Xom's mischief]
   779 | D:1      | Gained mutation: You are frail. (-10% HP) [Xom's mischief]
   801 | D:1      | Found Cenaicai's Antique Armour Shop.
   878 | D:1      | Found Daech's Assorted Antiques.
   890 | D:1      | Bought a scroll labelled BOSON WOSH for 20 gold pieces
   954 | D:1      | XOM: stat loss: -1 Int (10/12)
  1360 | D:2      | Reached XP level 4. HP: 25/26 MP: 4/4
  1635 | D:2      | XOM is BORED!
  1669 | D:2      | XOM: scenery: 1 doors open
  1681 | D:2      | Found a faded altar of an unknown god.
  1730 | D:3      | XOM: 7-stop teleportation journey
  1741 | D:3      | Reached skill level 4 in Fighting
  1795 | D:3      | Found Esofurch's Armour Boutique.
  1929 | D:3      | XOM: 5-stop teleportation journey
  2130 | D:3      | XOM: noise
  2226 | D:3      | Reached skill level 1 in Evocations
  2648 | D:1      | Bought a scroll labelled QAHENE JOEL for 20 gold pieces
  2648 | D:1      | Bought a scroll labelled XOITUQ WUTRA for 20 gold pieces
  2648 | D:1      | Bought a scroll labelled RAABIU TINNIU for 20 gold pieces
  2648 | D:1      | Bought 2 scrolls of identify for 80 gold pieces
  2648 | D:1      | Bought a scroll of identify for 40 gold pieces
  2651 | D:1      | Identified a scroll of acquirement
  2678 | D:3      | Acquired the amulet of Kuoqukk {rPois Regen+}
  2879 | D:4      | You fall into a shaft and drop 3 floors!
  2888 | D:7      | Found a staircase to the Ecumenical Temple.
  2897 | Temple   | Entered the Ecumenical Temple
  2916 | D:7      | XOM: give mutation
  2916 | D:7      | Gained mutation: You are clumsy. (Dex -2) [Xom's mischief]
  2953 | D:7      | Found a flagged portal.
  2963 | D:7      | Noticed an ice beast
  2964 | D:7      | XOM: summons 2 friendly demons
  2965 | D:7      | Mangled by a wight

Illustrated notes

Levels and vault maps discovered:
D:1:      minmay_arrival_radiant_lines, layout_rooms, serial_shops,
          nicolae_shop_statue_plus, shop, nicolae_shop_waterfront,
          nicolae_shop_competitors_out_of_business, nicolae_lakefront_shop
D:2:      layout_loops_ring, shapermc_ecumenical_altar_mp_vishouse,
          minmay_statues_item, minmay_misc_feat_five
D:3:      layout_basic, serial_shops, shop, kennysheep_boxes
D:4:      layout_loops_corners
D:7:      layout_basic, minmay_temple_entry_gardened_gates, enter_bailey_2,
          minmay_shattered_shrine
Temple:   minmay_freezing_vapour_temple

Skill      XL: |  1  2  3  4 |
---------------+-------------+-----
Axes           | 3 |  3.5
Armour         | 3 |  3.4
Fighting       | 4 |  4.1
Evocations     | 1 |  1.0
Dodging        | |  0.7

Action                   |  1- 3 |  4- 6 || total
-------------------------+-------+-------++-------
Melee: Hand axe          |    48 |       ||    48
       Punch             |     1 |       ||     1
       Mace              |    54 |    83 ||   137
  Use: Potion            |     1 |       ||     1
       Scroll            |     4 |    10 ||    14
Armor: Leather armour    |    75 |       ||    75
       Plate armour      |     4 |    81 ||    85
Dodge: Dodged            |    76 |    25 ||   101
Block: Other             |       |     8 ||     8
